 Dungeon Crawl Stone Soup version bcrawl-1.31 (webtiles) character file.

Game seed: 14845144935234137179

146733 Morbidden the Sneak (level 4, -1/46 HPs)
             Began as an Ent Archaeologist on Apr 4, 2021.
             Succumbed to a worker ant's poison
             ... on level 3 of the Dungeon.
             The game lasted 00:02:56 (2152 turns).

Morbidden the Sneak (Ent Archaeologist)             Turns: 2152, Time: 00:02:56

Health: -1/46      AC: 13    Str: 18    XL:     4   Next: 93%
Magic:  4/4        EV: 10    Int: 20    God:
Gold:   181        SH:  0    Dex:  8    Spells: 3/3 levels left

rFire    . . .     SeeInvis .   a - +0 dagger
rCold    . . .     Gourm    .   (no shield)
rNeg     + + +     Faith    .   (armour unavailable)
rPois    +         Spirit   .   c - +1 hat
rElec    .         Reflect  .   u - +0 cloak
rCorr    .         Harm     .   (gloves unavailable)
MR       .....                  (boots unavailable)
Stlth    ++........             (no amulet)
HPRegen  0.15/turn              q - +4 ring of intelligence
MPRegen  0.09/turn              (no ring)

@: lethally poisoned (-1 -> -8), starving, very slow
A: large, slow actions, passwall, strong branches, negative energy resistance 3,
poison resistance, slow metabolism 1, torment resistance, unbreathing, AC +11
a: Passwall


You were on level 3 of the Dungeon.
You were starving.

You visited 1 branch of the dungeon, and saw 3 of its levels.

You collected 181 gold pieces.

Inventory:

Hand Weapons
 a - a +0 dagger (weapon)
 b - a +0 blowgun
Missiles
 d - 4 curare-tipped needles
 p - 43 poisoned needles
Armour
 c - a +1 hat (worn)
 u - a +0 cloak (worn)
Jewellery
 q - a +4 ring of intelligence (left hand)
 r - a +4 ring of evasion {unknown}
 v - an uncursed amulet of faith {unknown}
Scrolls
 g - a scroll of magic mapping
 i - 3 scrolls of identify
 j - a scroll of immolation {unknown}
 k - 2 scrolls of amnesia {unknown}
 l - 2 scrolls of enchant armour {unknown}
 m - a scroll of fear {unknown}
 n - 2 scrolls of teleportation {unknown}
 s - a scroll of remove curse {unknown}
 t - a scroll of fog {unknown}
Potions
 o - a potion of degeneration {unknown}
Miscellaneous
 f - a dusty tome
Comestibles
 e - 7 rations {!d}


   Skills:
 + Level 2.0 Fighting
 + Level 1.4 Short Blades
   Level 1.2 Maces & Flails
 + Level 3.6 Dodging
 + Level 4.8 Stealth
 + Level 0.7 Unarmed Combat


You had 3 spell levels left.
You didn't know any spells.
Your spell library was empty.

Dungeon Overview and Level Annotations

Branches:
Dungeon (3/12)

Altars:
Fedhas
Gozag
Kikubaaqudgha

Annotations:
D:3 1 runed door


Innate Abilities, Weirdness & Mutations

You move and act slowly.
You can pass through walls and trees.
Your branches can wield two-handed weapons with a shield.
Your thick bark is tough. (AC +11)
You are too large for most types of armour.
You are immune to negative energy. (rN+++)
Your system is resistant to poisons. (rPois)
You have a slow metabolism.
You are immune to unholy pain and torment.
You can survive without breathing.


Message History

The worker ant is almost dead.
The worker ant closely misses you. x2
Unknown command.
You hit the worker ant but do no damage.
The worker ant is almost dead.
The worker ant closely misses you.
You hit the worker ant.
The worker ant is almost dead.
The worker ant bites you.
* * * LOW HITPOINT WARNING * * *
The worker ant closely misses you.
Unknown command.
Unknown command.
Unknown command.
Unknown command.
The worker ant bites you.
* * * LOW HITPOINT WARNING * * *
You are lethally poisoned!
The worker ant poisons you!
You die...

.. ... ...... ...
.[# #.... .. .. ....
#.#.#..# ###
#....).#
#...####.#.# .##
#.....a..# ..###
#......#####..).#
##.###@.........## #
#......#.#..#
#............
#.#..#.#.#.###
#.##.......##.
###.###......##.#
#................
#............#...###
#............#.....#


You could see a worker ant.

Vanquished Creatures
  A crimson imp (D:3)
  Jessica (D:2)
  An ooze (D:1)
  An adder skeleton (D:3)
  5 worms
  2 leopard geckos
  2 orcs
  A ball python (D:2)
  5 bats
  3 bat zombies (D:2)
  3 giant cockroaches
  3 goblins
  6 hobgoblins
  2 jackals (D:2)
  2 quokkas
  3 frilled lizards
  2 kobolds
  A rat (D:2)
  A rat zombie (D:2)
45 creatures vanquished.

Notes
Turn   | Place    | Note
-------+----------+-------------------------------------------
     0 | D:1      | Morbidden the Ent Archaeologist began the quest for the
                  | Orb.
     0 | D:1      | Reached XP level 1. HP: 21/21 MP: 1/1
    55 | D:1      | Reached skill level 4 in Stealth
    55 | D:1      | Reached XP level 2. HP: 24/29 MP: 2/2
   944 | D:2      | Reached XP level 3. HP: 35/36 MP: 3/3
   961 | D:2      | Found an ancient bone altar of Kikubaaqudgha.
  1221 | D:2      | Found an opulent altar of Gozag.
  1241 | D:2      | Noticed Jessica
  1266 | D:2      | Killed Jessica
  1267 | D:2      | Reached XP level 4. HP: 46/46 MP: 4/4
  1622 | D:3      | Reached skill level 1 in Short Blades
  1840 | D:3      | Found a runed door.
  1989 | D:3      | Found a blossoming altar of Fedhas.
  2149 | D:3      | HP: 1/46 [worker ant (3)]
  2152 | D:3      | Succumbed to a worker ant's poison

Skill      XL: |  1  2  3  4 |
---------------+-------------+-----
Stealth        | 4 |  4.8
Dodging        | 3 |  3.6
Short Blades   | 1 |  1.4
Fighting       | 2 |  2.0
Maces & Flails | |  1.2
Unarmed Combat | |  0.7

Action                   |  1- 3 |  4- 6 || total
-------------------------+-------+-------++-------
Melee: Unarmed           |    23 |       ||    23
       Dagger            |   125 |   182 ||   307
 Fire: Blowgun           |       |     2 ||     2
  Use: Scroll            |     1 |       ||     1
       Potion            |       |     1 ||     1
 Stab: Sleeping          |     7 |     4 ||    11
  Eat: Chunk             |     4 |     5 ||     9
Armor: Skin              |   100 |    71 ||   171
Dodge: Dodged            |   116 |    91 ||   207
